 Dungeon Crawl Stone Soup version 0.28-a0-461-g2dc4ca5097 (webtiles) character file.

Game seed: 11789875845010394143

434 heikuro the Stinger (level 7, -1/46 HPs)
             Began as a Formicid Venom Mage on Sept 14, 2021.
             Was an Initiate of Vehumet.
             Slain by a water moccasin (3 damage)
             ... on level 4 of the Dungeon.
             The game lasted 00:12:25 (4808 turns).

heikuro the Stinger (Formicid Venom Mage)           Turns: 4808, Time: 00:12:26

Health: -1/46      AC:  2    Str: 12    XL:     7   Next: 20%
Magic:  5/12       EV: 12    Int: 17    God:    Vehumet [......]
Gold:   197        SH:  0    Dex: 11    Spells: 1/13 levels left

rFire   . . .      SeeInvis +   f - staff of conjuration
rCold   . . .      Faith    .   (no shield)
rNeg    . . .      Spirit   .   a - +0 robe
rPois   .          Reflect  .   (helmet unavailable)
rElec   .          Harm     .   (no cloak)
rCorr   .          Rampage  .   (no gloves)
Will    .....                   (no boots)
Stlth   ++........              m - amulet of the acrobat
HPRegen 0.15/turn               h - +4 ring of slaying
MPRegen 0.13/turn               (no ring)

@: lethally poisoned (-1 -> -7)
A: permanent stasis, dig shafts and tunnels, antennae 3, four strong arms
a: Dig, Shaft Self, Renounce Religion


You were on level 4 of the Dungeon.
You worshipped Vehumet.
Vehumet was noncommittal.
You visited 2 branches of the dungeon, and saw 5 of its levels.

You collected 197 gold pieces.

Inventory:

Hand Weapons
 c - a +0 dagger
 p - a +0 hand axe
Armour
 a - a +0 robe (worn)
Magical Staves
 d - a staff of cold
 f - a staff of conjuration (weapon)
Jewellery
 h - a +4 ring of slaying (left hand)
 m - an amulet of the acrobat (around neck)
Scrolls
 b - 2 scrolls of identify
 e - a scroll of fear {unknown}
 i - a scroll of immolation {unknown}
 j - 2 scrolls of torment {unknown}
 l - a scroll of summoning {unknown}
 o - a scroll of enchant armour {unknown}
Potions
 k - 2 potions of degeneration {unknown}
 n - a potion of invisibility {unknown}


   Skills:
 + Level 1.1 Staves
 - Level 2.0 Dodging
 - Level 2.4 Stealth
 + Level 3.9 Spellcasting
 - Level 2.0 Transmutations
 + Level 1.1 Earth Magic
 * Level 7.1 Poison Magic
 + Level 3.1 Evocations


You had one spell level left.
You knew the following spells:

 Your Spells              Type           Power      Damage    Failure   Level
a - Sting                 Tmut/Pois      72%        1d6       2%          1
b - Poisonous Vapours     Pois/Air       30%        N/A       5%          2
c - Olgreb's Toxic Radia  Pois           27%        N/A       9%          4
d - Lee's Rapid Deconstr  Erth           3%         3d6*      95%         5

Your spell library contained the following spells:

 Spells                   Type           Power      Damage    Failure   Level
 Mephitic Cloud           Conj/Pois/Air  17%        N/A       19%         3
 Leda's Liquefaction      Hex/Erth       2%         N/A       77%         4
 Freezing Cloud           Conj/Ice/Air   2%         6-21      99%         5
 Simulacrum               Ice/Necr       1%         N/A       100%        6
 Statue Form              Tmut/Erth      5%         N/A       100%        6
 Polar Vortex             Ice            1%         N/A       100%        9


Dungeon Overview and Level Annotations

Branches:
Dungeon (4/15)             Temple (1/1) D:4

Altars:
Ashenzari
Cheibriados
Elyvilon
Fedhas
Hepliaklqana
Kikubaaqudgha
Makhleb
Nemelex Xobeh
Qazlal
Ru
Sif Muna
Uskayaw
Vehumet
Wu Jian
Xom
Yredelemnul
Zin

Shops:
D:2 (

Annotations:
D:3 1 runed translucent door, HuGe's ghost, amateur GrBe


Innate Abilities, Weirdness & Mutations

You cannot be hasted, slowed, berserked, paralysed or teleported.
You can dig through walls and to a lower floor.
You have a pair of large antennae on your head. (SInv)
Your four strong arms can wield two-handed weapons with a shield.


Message History

Unknown command.
The water moccasin completely misses you.
You kill the hound!
Vehumet accepts your kill.
Your Staves skill increases to level 1!
Your Earth Magic skill increases to level 1!
Okay, then.
Unknown command.
You barely miss the water moccasin.
The water moccasin is lightly wounded.
The water moccasin closely misses you. The water moccasin bites you.
You are lethally poisoned!
The water moccasin poisons you!
Unknown command.
You feel better. The water moccasin closely misses you.
You closely miss the water moccasin.
The water moccasin is lightly wounded.
The water moccasin bites you!
* * * LOW HITPOINT WARNING * * *
You are lethally poisoned!
The water moccasin poisons you! The water moccasin closely misses you.
Your magical contamination has completely faded away.
Okay, then.
You hit the water moccasin.
The water moccasin is moderately wounded.
* * * LOW HITPOINT WARNING * * *
You feel very sick. The water moccasin misses you.
You miss the water moccasin.
The water moccasin is moderately wounded.
* * * LOW HITPOINT WARNING * * *
You feel very sick.
The water moccasin bites you but does no damage.
The water moccasin barely misses you.
You hit the water moccasin.
The water moccasin is heavily wounded.
* * * LOW HITPOINT WARNING * * *
You feel very sick. The water moccasin bites you.
You die...

........#.###.............
........#........##.######
..........P.P.#####.#
###+###....>..#####.#
.....#[P.P.....#.#
######......##.#.# #######
#.#.#..##.#.###### .......
#.#.##....#.#..... .......
#@#.##..###.#.#### .......
#S#.##......#.....
.......#####.#.##.####...####
.......'...†.#.##.##.........
.#############.##......<..##.
#+#####....#.##. #....#.##.
##.#.#.### #...#.#..


You could see a water moccasin.

Vanquished Creatures
  Sigmund (D:3)
  An ogre (D:4)
  A hound (D:4)
  A hound skeleton (D:4)
  2 gnolls (D:2)
  8 adders
  An adder skeleton (D:4)
  A worm (D:4)
  A dart slug (D:2)
  An orc (D:3)
  2 bats (D:2)
  5 endoplasms
  3 giant cockroaches
  4 goblins
  9 hobgoblins
  4 quokkas
  5 ball pythons
  2 frilled lizards
  6 kobolds
  7 rats
65 creatures vanquished.

Notes
Turn   | Place    | Note
-------+----------+-------------------------------------------
     0 | D:1      | heikuro the Formicid Venom Mage began the quest for the
                  | Orb.
     0 | D:1      | Reached XP level 1. HP: 13/13 MP: 3/3
   207 | D:1      | Reached XP level 2. HP: 19/19 MP: 3/5
   318 | D:1      | Learned a level 2 spell: Poisonous Vapours
   992 | D:2      | Found Retyh's Antique Weapon Shoppe.
  1216 | D:2      | Reached XP level 3. HP: 24/24 MP: 4/6
  1860 | D:2      | Reached skill level 5 in Poison Magic
  1860 | D:2      | Reached skill level 1 in Evocations
  1860 | D:2      | Reached XP level 4. HP: 30/30 MP: 3/8
  1921 | D:2      | Found a faded altar of an unknown god.
  2404 | D:2      | Found a broken altar of Ashenzari.
  2737 | D:2      | Learned a level 4 spell: Olgreb's Toxic Radiance
  2841 | D:3      | Noticed Sigmund
  2860 | D:3      | Killed Sigmund
  2861 | D:3      | Reached skill level 6 in Poison Magic
  2861 | D:3      | Reached XP level 5. HP: 32/35 MP: 1/10
  2861 | D:3      | Reached XP level 6. HP: 38/41 MP: 1/11
  3191 | D:3      | Found a runed translucent door.
  3192 | D:3      | Noticed HuGe's ghost (amateur GrBe)
  4136 | D:4      | Learned a level 5 spell: Lee's Rapid Deconstruction
  4285 | D:4      | Noticed an ogre
  4299 | D:4      | Killed an ogre
  4300 | D:4      | Reached skill level 7 in Poison Magic
  4300 | D:4      | Reached XP level 7. HP: 46/46 MP: 4/12
  4432 | D:4      | Found a staircase to the Ecumenical Temple.
  4471 | Temple   | Entered the Ecumenical Temple
  4706 | Temple   | Became a worshipper of Vehumet
  4791 | D:4      | Noticed a water moccasin
  4803 | D:4      | Reached skill level 1 in Staves
  4803 | D:4      | Reached skill level 1 in Earth Magic
  4808 | D:4      | HP: 2/46 [poisoned by a water moccasin]
  4808 | D:4      | Slain by a water moccasin

Illustrated notes

Levels and vault maps discovered:
D:1:      onia_arrival_pentagram, layout_rooms
D:2:      layout_loops_corners, serial_shops, shop, basic_altar,
          ebering_ecumenical_altar_webs
D:3:      layout_loops_cross, ebering_ghost_reflecting_pool, uniq_sigmund
D:4:      layout_basic, trog_book, minmay_temple_entry_trees
Temple:   regret_index_temple_sphere_string

Skill      XL: |  1  2  3  4  5  6  7 |
---------------+----------------------+-----
Dodging        | 2 |  2.0
Transmutations | 2 |  2.0
Poison Magic   | 5 6 7 |  7.1
Evocations     | 1 2 3 |  3.1
Spellcasting   | 3 |  3.9
Staves         | 1 |  1.1
Earth Magic    | 1 |  1.1
Stealth        | |  2.4

Action                   |  1- 3 |  4- 6 |  7- 9 || total
-------------------------+-------+-------+-------++-------
Melee: Dagger            |     7 |       |       ||     7
       Staff             |    11 |    21 |    15 ||    47
 Cast: Sting             |    21 |    16 |     3 ||    40
       Poisonous Vapours |    15 |    33 |     1 ||    49
       Olgreb's Toxic Ra |       |     2 |     1 ||     3
  Use: Scroll            |     1 |       |       ||     1
       Potion            |       |       |     1 ||     1
 Stab: Sleeping          |       |     1 |       ||     1
Armor: Robe              |     2 |     1 |     3 ||     6
Dodge: Dodged            |    17 |    10 |    13 ||    40

Table legend: (Time is in decaauts)
 A = Elapsed time spent in this place.
 B = Non-inter-level travel time spent in this place.
 C = Inter-level travel time spent in this place.
 D = Time resting spent in this place.
 E = Time spent auto-exploring this place.
 F = Levels seen in this place.
 G = Mean time per level.
                   A        B        C        D        E       F      G
               +--------+--------+--------+--------+--------+-----+--------+
         Total |   4817 |   4665 |    152 |   1350 |   2341 |   5 |  963.4 |
       Dungeon |   4556 |   4428 |    128 |   1350 |   2138 |   4 | 1139.0 |
        Temple |    260 |    236 |     24 |      0 |    203 |   1 |  260.0 |
               +--------+--------+--------+--------+--------+-----+--------+

Top non-repeatable levels by time:
     D:2: 1801 daAuts
     D:3: 1027 daAuts
     D:1: 979 daAuts
     D:4: 748 daAuts
  Temple: 260 daAuts
